 Dungeon Crawl Stone Soup version 0.30-a0-591-g3c58d2bc28 (webtiles) character file.

Game seed: 5546778923415256305

102 ryw the Grave Robber (level 4, 0/37 HPs)
             Began as a Hill Orc Necromancer on Jan 5, 2023.
             Slain by Grinder (4 damage)
             ... while paralysed by Grinder
             ... on level 3 of the Dungeon.
             The game lasted 00:04:45 (2504 turns).

ryw the Grave Robber (Hill Orc Necromancer)         Turns: 2504, Time: 00:04:45

Health: 0/37       AC:  6    Str: 10    XL:     4   Next: 78%
Magic:  6/6        EV:  2    Int: 17    God:
Gold:   171        SH:  0    Dex: 11    Spells: 2/6 levels left

rFire   . . .      SeeInvis .    d - +2 dagger (venom)
rCold   . . .      Faith    .    c - +2 buckler
rNeg    . . .      Spirit   .    j - +0 ring mail
rPois   .          Reflect  .    m - +0 helmet
rElec   .          Harm     .    (no cloak)
rCorr   .          Rampage  .    (no gloves)
Will    .....                    (no boots)
Stlth   +                        (no amulet)
HPRegen 0.26/turn                (no ring)
MPRegen 0.10/turn                (no ring)

@: paralysed
A: no striking features
a: no special abilities


You were on level 3 of the Dungeon.
You visited 1 branch of the dungeon, and saw 3 of its levels.

You collected 171 gold pieces.

Inventory:

Hand Weapons
 d - a +2 dagger of venom (weapon)
Armour
 a - a +0 robe
 c - a +2 buckler (worn)
 j - a +0 ring mail (worn)
 m - a +0 helmet (worn)
Scrolls
 e - a scroll of fog {unknown}
 f - a scroll of magic mapping {unknown}
 h - a scroll of teleportation {unknown}
 k - 3 scrolls of enchant armour {unknown}
 n - a scroll of identify {unknown}
Potions
 b - 2 potions of magic
 g - a potion of degeneration {unknown}
 i - a potion of heal wounds {unknown}
 l - a potion of attraction {unknown}


   Skills:
 + Level 2.4 Fighting
 + Level 1.5 Short Blades
 + Level 1.4 Armour
 + Level 2.4 Dodging
 - Level 1.5 Stealth
 + Level 1.5 Shields
 - Level 1.5 Spellcasting
 - Level 4.0 Necromancy


You had 2 spell levels left.
You knew the following spells:

 Your Spells              Type           Power      Damage    Failure   Level
a - Necrotise             Necr           56%        1d6       14%         1
b - Vampiric Draining     Necr           14%        2d7       38%         3

Your spell library contained the following spells:

 Spells                   Type           Power      Damage    Failure   Level
 Sublimation of Blood     Necr           14%        N/A       21%         2
 Animate Dead             Necr           14%        N/A       80%         4
 Dazzling Flash           Conj/Hex       2%         N/A       91%         3
 Agony                    Necr           14%        N/A       98%         5
 Petrify                  Tmut/Erth      1%         N/A       100%        4
 Irradiate                Conj/Tmut      0%         3d11      100%        5
 Silence                  Hex/Air        0%         N/A       100%        5


Dungeon Overview and Level Annotations

Branches:
Dungeon (3/15)

Altars:
Wu Jian

Annotations:
D:3 1 runed translucent door, Grinder; petzl's ghost, weakling FoDe


Message History

Press: ? - help, Shift-Dir - straight line, f - you That beam is likely to hit you.
Continue anyway?
Okay, then.
Unknown command.
Okay, then.
Casting: Necrotise (safe; 14% risk of failure)
Confirm with . or Enter, or press ? or * to list all spells.
Okay, then.
Unknown command.
Unknown command.
Unknown command.
Casting: Necrotise (safe; 14% risk of failure)
Confirm with . or Enter, or press ? or * to list all spells.
Aiming: Necrotise (safe; 14% risk of failure)
Press: ? - help, Shift-Dir - straight line, f - you
Okay, then.
Unknown command.
Grinder grins, showing sharp teeth.
You hit Grinder but do no damage.
Grinder is severely wounded.
Grinder gestures at you.
You shrug off the repeated paralysis!
You hit Grinder.
Grinder is almost dead.
Grinder hits you.
You writhe in agony.
You closely miss Grinder.
Grinder is almost dead.
Grinder hits you!
* * * LOW HITPOINT WARNING * * *
You writhe in agony.
* * * LOW HITPOINT WARNING * * *
Unknown command.
You hit Grinder but do no damage.
Grinder is almost dead.
Grinder gestures at you.
You suddenly lose the ability to move!
Grinder hits you.
* * * LOW HITPOINT WARNING * * *
Grinder hits you.
You die...

#.....###.#.#.##.#
#.....# #........#
####+## ##.>.....#
#.# #.####.## #.#
#.# #.#
#######.#####.# #.#
......#.##....# #.#
..~~~.#.##.#######.#
..~_~......#...5@..#
..~~~......#.#######
..........##
.#.........#
.#.(.......#
.#.........#
.#.........#
.#........~#


You could see Grinder (very poisoned).

Vanquished Creatures
  Jessica (D:3)
  An adder (D:2)
  A worm (D:3)
  A dart slug (D:2)
  7 ball pythons
  7 bats
  6 endoplasms
  2 giant cockroaches
  4 goblins
  6 hobgoblins
  4 jackals (D:3)
  6 kobolds
  A quokka (D:1)
  3 frilled lizards
  4 rats
54 creatures vanquished.

Vanquished Creatures (collateral kills)
  A ball python (D:1)
  A kobold (D:1)
2 creatures vanquished.

Grand Total: 56 creatures vanquished

Notes
Turn   | Place    | Note
-------+----------+-------------------------------------------
     0 | D:1      | ryw the Hill Orc Necromancer began the quest for the Orb.
     0 | D:1      | Reached XP level 1. HP: 14/14 MP: 3/3
   104 | D:1      | Reached skill level 1 in Fighting
   176 | D:1      | Reached XP level 2. HP: 19/23 MP: 4/4
  1304 | D:2      | Reached XP level 3. HP: 25/28 MP: 5/5
  1722 | D:2      | Reached skill level 1 in Short Blades
  1722 | D:2      | Reached skill level 1 in Shields
  1965 | D:3      | Noticed Jessica
  1987 | D:2      | Learned a level 3 spell: Vampiric Draining
  1992 | D:3      | Killed Jessica
  1993 | D:3      | Reached skill level 1 in Armour
  1993 | D:3      | Reached XP level 4. HP: 36/36 MP: 6/6
  2230 | D:3      | Found a runed translucent door.
  2231 | D:3      | Noticed petzl's ghost (weakling FoDe)
  2231 | D:3      | Noticed a necrophage
  2304 | D:3      | Found an ornate altar of the Wu Jian Council.
  2341 | D:3      | Found a faded altar of an unknown god.
  2487 | D:3      | Noticed Grinder
  2494 | D:3      | Paralysed by Grinder for 3 turns
  2502 | D:3      | Paralysed by Grinder for 4 turns
  2504 | D:3      | Slain by Grinder

Illustrated notes

Levels and vault maps discovered:
D:1:      nagdon_arrival_double_spiral, layout_basic
D:2:      layout_basic, hangedman_decor_push, chequers_serial_rivers_large_b
D:3:      layout_basic, mainiacjoe_overflow_alcove_2, ebering_ghost_inner_flame,
          hellmonk_ecumenical_altar_pennies_from_heaven, interstate_on_off,
          chequers_serial_rivers_small_a, chequers_mini_garden, uniq_jessica,
          uniq_grinder

Skill      XL: |  1  2  3 |
---------------+----------+-----
Fighting       | 1 2 |  2.4
Dodging        | 2 |  2.4
Short Blades   | 1 |  1.5
Shields        | 1 |  1.5
Armour         | 1 |  1.4
Stealth        | |  1.5
Spellcasting   | |  1.5
Necromancy     | |  4.0

Action                   |  1- 3 |  4- 6 || total
-------------------------+-------+-------++-------
Melee: Dagger            |    75 |    59 ||   134
 Cast: Necrotise         |     8 |       ||     8
 Stab: Sleeping          |     2 |       ||     2
Armor: Ring mail         |    15 |    10 ||    25
       Robe              |     2 |       ||     2
Dodge: Dodged            |    31 |    20 ||    51
Block: Buckler           |     9 |    13 ||    22

Table legend: (Time is in decaauts)
 A = Elapsed time spent in this place.
 B = Non-inter-level travel time spent in this place.
 C = Inter-level travel time spent in this place.
 D = Time resting spent in this place.
 E = Time spent auto-exploring this place.
 F = Levels seen in this place.
 G = Mean time per level.
                   A        B        C        D        E       F      G
               +--------+--------+--------+--------+--------+-----+--------+
         Total |   2537 |   2400 |    137 |     15 |   1925 |   3 |  845.7 |
       Dungeon |   2537 |   2400 |    137 |     15 |   1925 |   3 |  845.7 |
               +--------+--------+--------+--------+--------+-----+--------+

Top non-repeatable levels by time:
     D:1: 1113 daAuts
     D:2: 845 daAuts
     D:3: 578 daAuts
